Map: Oxide LE

Players

ShoWTimE - Winner!

  • Race: Protoss Protoss

Krystianer

  • Race: Protoss Protoss

Event: DreamHack SC2 Masters 2021 Fall

VOD

Have the link to the VOD?

Description

Time

  • Played on: July 31, 2021, 12:52 p.m.
  • Length: 8:05

All games in this series

Show
View Real Time Build Order
Export as new Build Order

ShoWTimE Protoss - Winner!

Build Orders: Oracle Opening 

Get SALT Encoding   

  12  0:00  Probe  
  13  0:12  Probe  
  14  0:17  Pylon  
  14  0:24  Probe (Chrono Boost)  
  15  0:36  Gateway, Probe (Chrono Boost)  
  16  0:44  Probe (Chrono Boost)  
  16  0:46  Assimilator  
  17  0:51  Probe  
  17  0:56  Assimilator  
  18  1:03  Probe (Chrono Boost)  
  19  1:05  Pylon  
  19  1:14  Probe (Chrono Boost)  
  20  1:18  Probe (Chrono Boost)  
  20  1:24  Cybernetics Core  
  21  1:29  Probe  
  21  1:31  Zealot  
  24  1:41  Probe  
  25  1:53  Probe  
  26  2:01  Stargate  
  26  2:02  Adept  
  28  2:12  Warp Gate  
  28  2:27  Nexus  
  28  2:33  Pylon  
  28  2:37  Probe  
  29  2:43  Oracle (Chrono Boost)  
  28  2:51  Probe  
  32  3:03  Probe  
  33  3:10  Oracle (Chrono Boost)  
  36  3:15  Probe  
  37  3:27  Probe  
  37  3:29  Gateway  
  38  3:37  Twilight Council  
  38  3:40  Probe (Chrono Boost)  
  40  3:43  Probe (Chrono Boost)  
  40  3:51  Void Ray (Chrono Boost)  
  42  3:57  Shield Battery  
  42  4:01  Gateway  
  44  4:03  Pylon  
  44  4:04  Stalker  
  46  4:18  Gateway  
  46  4:19  Gateway  
  46  4:21  Shield Battery  
  46  4:25  Void Ray (Chrono Boost)  
  50  4:43  Stalker, Zealot  
  50  4:44  Gateway  
  54  4:46  Pylon  
  54  4:52  Shield Battery  
  54  5:09  Void Ray (Chrono Boost)  
  56  5:14  Zealot x3  
  56  5:15  Assimilator  
  64  5:38  Void Ray (Chrono Boost)  
  64  5:39  Probe x2  
  70  5:50  Pylon  
  70  5:53  Pylon  
  70  5:55  Pylon  
  70  6:01  Shield Battery  
  64  6:22  Stalker  
  64  6:23  Shield Battery  
  64  6:24  Zealot  
  68  6:33  Stalker x2  
  68  6:40  Robotics Facility  
  68  6:41  Pylon  
  68  6:51  Stalker x2  
  66  7:01  Stalker  
  64  7:02  Zealot  
  64  7:07  Zealot  
  62  7:21  Stalker  
  66  7:23  Zealot  
  66  7:27  Immortal (Chrono Boost)  
  69  7:40  Stalker  
  63  7:52  Stalker  
  65  8:00  Stalker  
Show
View Real Time Build Order
Export as new Build Order

Krystianer Protoss 

Build Orders: Blink Stalkers 

Get SALT Encoding   

  12  0:00  Probe  
  13  0:12  Probe  
  14  0:18  Pylon  
  14  0:24  Probe (Chrono Boost)  
  15  0:36  Probe (Chrono Boost)  
  15  0:39  Gateway  
  16  0:45  Probe (Chrono Boost)  
  16  0:46  Assimilator  
  17  0:50  Probe  
  18  0:59  Assimilator  
  18  1:03  Probe (Chrono Boost)  
  19  1:06  Pylon  
  20  1:12  Probe (Chrono Boost)  
  20  1:17  Probe (Chrono Boost)  
  21  1:27  Cybernetics Core  
  21  1:29  Probe  
  22  1:32  Zealot  
  24  1:41  Probe  
  25  1:47  Pylon  
  25  1:53  Probe  
  26  2:03  Stalker (Chrono Boost)  
  28  2:09  Probe  
  28  2:10  Stargate  
  29  2:22  Warp Gate  
  29  2:30  Twilight Council  
  29  2:34  Probe  
  29  2:47  Gateway  
  29  2:48  Gateway, Stalker  
  31  3:00  Gateway  
  31  3:03  Blink (Chrono Boost)  
  31  3:09  Shield Battery  
  31  3:26  Stalker  
  31  3:30  Pylon  
  29  3:34  Pylon  
  29  3:50  Gateway  
  29  4:05  Pylon  
  29  4:09  Stalker  
  31  4:10  Stalker x2  
  35  4:33  Stalker x3  
  41  4:45  Stalker  
  43  4:56  Stalker x3  
  49  5:08  Sentry  
  51  5:24  Pylon  
  51  5:26  Stalker  
  51  5:27  Stalker  
  55  5:50  Stalker x4  
  55  5:55  Pylon  
  53  6:19  Stalker x3  
  53  6:24  Stalker  
  59  6:53  Stalker  
  59  6:54  Stalker x2  
  57  7:02  Stalker  
  55  7:18  Stalker  
  55  7:19  Stalker  
  47  7:46  Stalker x2  
  47  7:48  Stalker  

Tags
 
Add a new tag
Caveats
  • Supply blocks, unpowered buildings, or Contaminate may cause inaccurate times.
  • Supply counts are checked every 10 seconds.